AoeStats
← Sodythaek

Arabia

510177991Analyzed
1v1 RM · 4d ago on Sep 29, 2026· 30m 31s· 2 players
Game mode
Random Map
Map size
Tiny (2 player)
Population
200
Speed
Normal
Resources
Standard
Victory
Conquest
Starting age
Dark Age
Ending age
Imperial Age
RankedLock teamsTeams togetherTeam positionsShared explorationLock speedFull tech treeHidden civsTurbo modeCheats
Victory
Defeat
🇫🇷 Danes · France
1239
+16
🇨🇿 Gurjaras · Czechia
1242
-16
Sodythaek
6:51 Loom
9:16 Feudal Age
13:37 Double-Bit Axe
13:35 Horse Collar
14:25 Scale Barding Armor
17:43 Forging
19:25 Gold Mining
23:10 Castle Age
21:35 Scale Mail Armor
23:56 Squires
23:42 Gambesons
24:16 Chain Mail Armor
24:36 Iron Casting
24:14 Bow Saw
24:07 Heavy Plow
25:30 Arson
26:50 Wheelbarrow
Tomasam
8:27 Feudal Age
6:45 Loom
10:34 Double-Bit Axe
13:03 Fletching
16:49 Gold Mining
19:58 Castle Age
19:12 Horse Collar
20:17 Scale Barding Armor
20:23 Forging
20:47 Bloodlines
21:16 Husbandry
24:17 Bow Saw
28:15 Kshatriyas
Connection lost

Rejoining the realm…

Still unreachable

The connection could not be restored.

Session expired

The server has moved on; the page needs a fresh start.